AoeStats
← THEMADBANANAMAN

Northern Isles

510635331Analyzed
1v1 RM · 2d ago on Oct 1, 2026· 42m 13s· 2 players
Game mode
Random Map
Map size
Tiny (2 player)
Population
200
Speed
Normal
Resources
Standard
Victory
Conquest
Starting age
Dark Age
Ending age
Imperial Age
RankedLock teamsTeams togetherTeam positionsShared explorationLock speedFull tech treeHidden civsTurbo modeCheats
Victory
Defeat
🇬🇧 Varangians · United Kingdom
1400
+16
🇺🇸 Malians · United States
1392
-16
Rameranic
9:09 Loom
11:06 Feudal Age
14:40 Fletching
14:50 Double-Bit Axe
15:39 Forging
20:44 Castle Age
21:41 Medium Warships
21:35 Bodkin Arrow
23:34 Clinker Construction
24:53 Bow Saw
25:46 Careening
28:27 Ballistics
29:16 Heated Shot
41:01 Imperial Age
40:02 Squires
39:47 Arson
43:00 Chemistry
42:21 Dry Dock
42:30 Guard Tower
THEMADBANANAMAN
8:07 Loom
10:47 Feudal Age
13:10 Wheelbarrow
14:34 Town Watch
14:39 Double-Bit Axe
20:40 Castle Age
21:56 Medium Warships
21:50 Fletching
22:51 Bow Saw
25:06 Bodkin Arrow
28:34 Padded Archer Armor
28:51 Horse Collar
30:07 Leather Archer Armor
32:51 Ballistics
39:38 Imperial Age
40:10 Hand Cart
40:20 Bracer
41:22 Chemistry
41:27 Two-Man Saw
40:15 Elite Longship
Connection lost

Rejoining the realm…

Still unreachable

The connection could not be restored.

Session expired

The server has moved on; the page needs a fresh start.